 Dungeon Crawl Stone Soup version 0.18.1-50-g88ac8fd (webtiles) character file.

4 Amnesiac the Charlatan (level 1, 0/9 HPs)
             Began as a Vine Stalker Artificer on July 6, 2018.
             Succumbed to an adder's poison
             ... on level 2 of the Dungeon.
             The game lasted 00:01:07 (213 turns).

Amnesiac the Charlatan (Vine Stalker Artificer)      Turns: 213, Time: 00:01:08

Health: 0/9        AC:  3    Str: 13    XL:     1   Next: 70%
Magic:  2/3        EV: 11    Int: 12    God:
Gold:   16         SH:  0    Dex: 14    Spells: 0 memorised, 0 levels left

rFire  . . .     SeeInvis .     a - +0 dagger (venom)
rCold  . . .     Gourm    .     b - +0 leather armour
rNeg   . . .     Faith    .     (no shield)
rPois  .         Spirit   +     (no helmet)
rElec  .         Dismiss  .     (no cloak)
rCorr  .         Reflect  .     (no gloves)
SustAt .         Harm     .     (no boots)
MR     .....                    (no amulet)
Stlth  ++........               (no ring)
                                (no ring)

@: lethally poisoned (0 -> -6), not resistant to hostile enchantments,
unstealthy
A: fangs 2, regeneration 1, magic shield, antimagic bite, no device heal 3, rot
immunity
a: no special abilities


You were on level 2 of the Dungeon.
You were not hungry.

You visited 1 branch of the dungeon, and saw 3 of its levels.

You collected 16 gold pieces.

Inventory:

Hand Weapons
 a - a +0 dagger of venom (weapon)
Armour
 b - a +0 leather armour (worn)
 g - a +0 shield
Wands
 c - a wand of flame (15/48)
 d - a wand of enslavement (15/24)
 e - a wand of random effects (13/48)
Comestibles
 f - a bread ration


   Skills:
 - Level 0.8 Fighting
 * Level 1.3 Short Blades
 - Level 1.5 Dodging
 + Level 1.4 Stealth
 + Level 2.7 Evocations


You couldn't memorise any spells.
You didn't know any spells.

Dungeon Overview and Level Annotations

Branches:
Dungeon (3/15)

Altars:

Annotations:
D:3 Amnesiac's ghost, amateur VSAr


Innate Abilities, Weirdness & Mutations

You have extremely sharp teeth.
Your natural rate of healing is unusually fast.
When hurt, damage is shared between your health and your magic reserves.
Your bite disrupts and absorbs the magic of your enemies.
Potions and wands cannot restore your health.
You are immune to rotting.


Message History

Press: ? - help, Shift-Dir - straight line, f/p - Amnesiac's ghost
Aim: Amnesiac's ghost Amnesiac's ghost resists with some effort.
This wand has 13 charges left.
Amnesiac's ghost hits you.
There is a stone staircase leading up here.
You climb upwards.
There is a stone staircase leading down here.
Found a hunting sling.
HP restored.
Things that are here:
a +0 short sword; a goblin corpse Magic restored.
A kobold comes into view. It is wielding a dagger.
A kobold is nearby!
The kobold shouts!
A hobgoblin comes into view.
The hobgoblin shouts!
You hit the kobold.
The kobold is poisoned.
You bite the kobold, but do no damage.
The kobold is moderately wounded.
The kobold hits you but does no damage.
You barely miss the kobold.
The kobold is moderately wounded.
An adder comes into view.
You hit the kobold but do no damage.
The kobold looks even sicker.
The kobold is severely wounded.
You kill the kobold!
The adder moves out of view.
A giant cockroach comes into view.
A goblin comes into view. It is wielding a club.
You see here a dagger.
You closely miss the hobgoblin.
The goblin shouts!
You bite the hobgoblin. You drain its power.
The hobgoblin is heavily wounded.
The hobgoblin hits you.
You closely miss the hobgoblin.
The hobgoblin is heavily wounded.
The hobgoblin misses you.
You hit the hobgoblin.
You kill the hobgoblin!
The adder closely misses you.
You barely miss the adder. The adder closely misses you.
You closely miss the adder. The adder bites you.
You hit the adder.
The adder is lightly wounded.
The adder bites you.
You are poisoned.
The adder poisons you!
You barely miss the adder. You bite the adder. You drain its power.
The adder is moderately wounded.
You feel sick. The adder bites you.
* * * LOW HITPOINT WARNING * * *
You are lethally poisoned!
The adder poisons you! The adder bites you but does no damage.
You barely miss the adder.
The adder is moderately wounded.
* * * LOW HITPOINT WARNING * * *
You feel sick. The adder bites you.
* * * LOW HITPOINT WARNING * * *
You closely miss the adder. You bite the adder. You drain its power.
You feel invigorated.
The adder is moderately wounded.
You die...

## .# ..## ..#
.g. .# #s# . #.
#S# #.#..
#@##### #....
#.....#
#...#####.###.#
#........#
#.##...###
#.#.#)##
.<##.##.## #.#
#>###.# ##.
#.##.##


You could see an adder, a giant cockroach and a goblin.

Vanquished Creatures
  A goblin (D:2)
  2 hobgoblins
  A kobold (D:2)
4 creatures vanquished.

Notes
Turn   | Place    | Note
--------------------------------------------------------------
     0 | D:1      | Amnesiac the Vine Stalker Artificer began the quest for the Orb.
     0 | D:1      | Reached XP level 1. HP: 9/9 MP: 3/3
    24 | D:1      | Reached skill level 1 in Short Blades
   127 | D:3      | Noticed Amnesiac's ghost (amateur VSAr)
   213 | D:2      | Succumbed to an adder's poison

Skill      XL: |  1 |
---------------+----+-----
Short Blades   | 1 |  1.3
Fighting       | |  0.8
Dodging        | |  1.5
Stealth        | |  1.4
Evocations     | |  2.7

Action                   || total
-------------------------++-------
Melee: Dagger            ||    12
       Bite              ||     6
       Short sword       ||     4
Evoke: Wand              ||     2
Armor: Leather armour    ||     3
Dodge: Dodged            ||     5
